EL
MISSISSIPPI BRAVES @ PENSACOLA BLUE WAHOOS
09/07/2049
 
TOP OF THE 1ST
Mississippi Braves batting - Pitching for Pensacola Blue Wahoos : LHP Suk-jin Sok
Pitching: LHP Suk-jin Sok
Batting: RHB Luis Restrepo 0-0: Foul Ball, location: 2F
0-1: Ball
1-1: Foul Ball, location: 2F
1-2: Foul Ball, location: 2F
1-2: Foul Ball, location: 2F
1-2: Ball
2-2: Strikes out swinging
Batting: RHB Costantino Dolfini 0-0: Called Strike
0-1: Fly out, F7 (Flyball, 7, EV 90.6 MPH)
Batting: LHB Ricardo Sandoval 0-0: Ball
1-0: Called Strike
1-1: Ball
2-1: Ground out U3 (Groundball, 34, EV 110.6 MPH)
Top of the 1st over - 0 runs, 0 hits, 0 errors, 0 left on base; Mississippi 0 - Pensacola 0
BOTTOM OF THE 1ST
Pensacola Blue Wahoos batting - Pitching for Mississippi Braves : LHP Mark Gehring
Pitching: LHP Mark Gehring
Batting: SHB Bobby O'Leary 0-0: Ball
1-0: Ball
2-0: Called Strike
2-1: Foul Ball, location: 2F
2-2: SINGLE (Groundball, 56D, EV 101.2 MPH)
Batting: RHB Solange Le Coq 0-0: Ball
1-0: Ball
2-0: Ball
3-0: Called Strike
3-1: Fly out, F8 (Flyball, 78M, EV 88.8 MPH)
Batting: RHB Randy Grewe 0-0: Ball
1-0: Ball
2-0: Ball
3-0: Fly out, F7 (Flyball, 7S, EV 88.1 MPH)
Batting: SHB David Garnica 0-0: Fly out, F6 (Line Drive, 6, EV 70.0 MPH)
Bottom of the 1st over - 0 runs, 1 hit, 0 errors, 1 left on base; Mississippi 0 - Pensacola 0
TOP OF THE 2ND
Mississippi Braves batting - Pitching for Pensacola Blue Wahoos : LHP Suk-jin Sok
Batting: RHB Paul Landes 0-0: Called Strike
0-1: Foul Ball, location: 2F
0-2: Ball
1-2: Foul Ball, location: 2F
1-2: Foul Ball, location: 2F
1-2: Ball
2-2: Strikes out looking
Batting: RHB Eddie McCoy 0-0: Ball
1-0: Ball
2-0: Called Strike
2-1: Swinging Strike
2-2: Ball
3-2: SINGLE (Flyball, 78S, EV 95.6 MPH)
Batting: RHB Justin Reich 0-0: Ball
1-0: Ball
2-0: Swinging Strike
2-1: Foul Ball, location: 2F
2-2: Ball
3-2: Foul Ball, location: 2F
3-2: Fly out, F6 (Popup, P, EV 86.9 MPH)
Batting: RHB Tim Molchan 0-0: Called Strike
0-1: Swinging Strike
0-2: Strikes out looking
Top of the 2nd over - 0 runs, 1 hit, 0 errors, 1 left on base; Mississippi 0 - Pensacola 0
BOTTOM OF THE 2ND
Pensacola Blue Wahoos batting - Pitching for Mississippi Braves : LHP Mark Gehring
Batting: RHB Jose Nunez 0-0: Called Strike
0-1: Ball
1-1: Ball
2-1: Ball
3-1: Called Strike
3-2: Foul Ball, location: 2F
3-2: Fly out, F8 (Line Drive, 8LD, EV 89.4 MPH)
Batting: RHB Mark Williams 0-0: Foul Ball, location: 2F
0-1: Ground out 6-3 (Groundball, 6, EV 93.1 MPH)
Batting: RHB Armando Moz 0-0: Called Strike
0-1: Ground out 6-3 (Groundball, 6, EV 84.4 MPH)
Bottom of the 2nd over - 0 runs, 0 hits, 0 errors, 0 left on base; Mississippi 0 - Pensacola 0
TOP OF THE 3RD
Mississippi Braves batting - Pitching for Pensacola Blue Wahoos : LHP Suk-jin Sok
Batting: LHB Sal Fernandez 0-0: Ball
1-0: Foul Ball, location: 2F
1-1: Foul Ball, location: 2F
1-2: Ground out 4-3 (Groundball, 4, EV 86.2 MPH)
Batting: SHB Jose Melendez 0-0: Ball
1-0: Called Strike
1-1: Called Strike
1-2: Foul Ball, location: 2F
1-2: Foul Ball, location: 2F
1-2: Foul Ball, location: 2F
1-2: Ball
2-2: Strikes out swinging
Batting: RHB Luis Restrepo 0-0: Called Strike
0-1: Ball
1-1: Called Strike
1-2: Foul Ball, location: 2F
1-2: Strikes out swinging
Top of the 3rd over - 0 runs, 0 hits, 0 errors, 0 left on base; Mississippi 0 - Pensacola 0
BOTTOM OF THE 3RD
Pensacola Blue Wahoos batting - Pitching for Mississippi Braves : LHP Mark Gehring
Batting: RHB Luis Solorzano 0-0: Swinging Strike
0-1: Ball
1-1: Fly out, F9 (Flyball, 89M, EV 76.9 MPH)
Batting: RHB Ryan Short 0-0: Ball
1-0: Called Strike
1-1: Ground out 6-3 (Groundball, 6, EV 110.0 MPH)
Batting: SHB Bobby O'Leary 0-0: Foul Ball, location: 2F
0-1: Ball
1-1: DOUBLE (Line Drive, 7LM, EV 111.9 MPH)
Batting: RHB Solange Le Coq 0-0: Ball
1-0: Fly out, F7 (Flyball, 78S, EV 83.1 MPH)
Bottom of the 3rd over - 0 runs, 1 hit, 0 errors, 1 left on base; Mississippi 0 - Pensacola 0
TOP OF THE 4TH
Mississippi Braves batting - Pitching for Pensacola Blue Wahoos : LHP Suk-jin Sok
Batting: RHB Costantino Dolfini 0-0: Ball
1-0: Ball
2-0: Ball
3-0: Called Strike
3-1: Called Strike
3-2: Strikes out looking
Batting: LHB Ricardo Sandoval 0-0: Foul Ball, location: 2F
0-1: Foul Ball, location: 2F
0-2: Ground out 5-3 (Groundball, 5, EV 100.0 MPH)
Batting: RHB Paul Landes 0-0: Ball
1-0: Ball
2-0: Foul Ball, location: 2F
2-1: Ball
3-1: Base on Balls
Batting: RHB Eddie McCoy 0-0: Ball
1-0: Foul Ball, location: 2F
1-1: Ball
2-1: Ball
3-1: Base on Balls
Paul Landes to second
Batting: RHB Justin Reich 0-0: Called Strike
0-1: Called Strike
0-2: Ball
1-2: Ball
2-2: Strikes out swinging
Top of the 4th over - 0 runs, 0 hits, 0 errors, 2 left on base; Mississippi 0 - Pensacola 0
BOTTOM OF THE 4TH
Pensacola Blue Wahoos batting - Pitching for Mississippi Braves : LHP Mark Gehring
Batting: RHB Randy Grewe 0-0: Ball
1-0: Ball
2-0: Foul Ball, location: 2F
2-1: DOUBLE (Line Drive, 7LM, EV 98.1 MPH)
Batting: SHB David Garnica 0-0: Called Strike
0-1: Ball
1-1: Ball
2-1: Foul Ball, location: 2F
2-2: Ball
3-2: SINGLE (Groundball, 5S, EV 66.9 MPH) (infield hit)
Randy Grewe to third
Batting: RHB Jose Nunez 0-0: Foul Ball, location: 2F
0-1: Swinging Strike
0-2: Strikes out swinging
Batting: RHB Mark Williams 0-0: Called Strike
0-1: Ball
David Garnica is caught stealing 2nd base 2-4
1-1: Ground out 3-1 (Groundball, 34, EV 85.6 MPH)
Bottom of the 4th over - 0 runs, 2 hits, 0 errors, 1 left on base; Mississippi 0 - Pensacola 0
TOP OF THE 5TH
Mississippi Braves batting - Pitching for Pensacola Blue Wahoos : LHP Suk-jin Sok
Batting: RHB Tim Molchan 0-0: Ball
1-0: Ball
2-0: Called Strike
2-1: Fly out, F9 (Flyball, 9, EV 73.8 MPH)
Batting: LHB Sal Fernandez 0-0: Called Strike
0-1: Called Strike
0-2: Ball
1-2: Foul Ball, location: 2F
1-2: Ball
2-2: Ball
3-2: Fly out, F8 (Flyball, 8RM, EV 76.9 MPH)
Batting: SHB Jose Melendez 0-0: Ball
1-0: Ground out 6-3 (Groundball, 56, EV 89.4 MPH)
Top of the 5th over - 0 runs, 0 hits, 0 errors, 0 left on base; Mississippi 0 - Pensacola 0
BOTTOM OF THE 5TH
Pensacola Blue Wahoos batting - Pitching for Mississippi Braves : LHP Mark Gehring
Batting: RHB Armando Moz 0-0: Fly out, F6 (Line Drive, 6, EV 68.1 MPH)
Batting: RHB Luis Solorzano 0-0: Ball
1-0: Foul Ball, location: 2F
1-1: Foul Ball, location: 2F
1-2: Ball
2-2: Ball
3-2: Strikes out swinging
Batting: RHB Ryan Short 0-0: Ball
1-0: SINGLE (Groundball, 6D, EV 94.4 MPH)
Batting: SHB Bobby O'Leary 0-0: Called Strike
0-1: Ball
1-1: Swinging Strike
1-2: Ground out 4-3 (Groundball, 34, EV 86.9 MPH)
Bottom of the 5th over - 0 runs, 1 hit, 0 errors, 1 left on base; Mississippi 0 - Pensacola 0
TOP OF THE 6TH
Mississippi Braves batting - Pitching for Pensacola Blue Wahoos : LHP Suk-jin Sok
Batting: RHB Luis Restrepo 0-0: Ball
1-0: Swinging Strike
1-1: Foul Ball, location: 2F
1-2: Strikes out swinging
Batting: RHB Costantino Dolfini 0-0: Ball
1-0: Swinging Strike
1-1: Foul Ball, location: 2F
1-2: Strikes out looking
Batting: LHB Ricardo Sandoval 0-0: Called Strike
0-1: Fly out, F6 (Flyball, 6D, EV 81.9 MPH)
Top of the 6th over - 0 runs, 0 hits, 0 errors, 0 left on base; Mississippi 0 - Pensacola 0
BOTTOM OF THE 6TH
Pensacola Blue Wahoos batting - Pitching for Mississippi Braves : LHP Mark Gehring
Batting: RHB Solange Le Coq 0-0: Foul Ball, location: 2F
0-1: Ball
1-1: DOUBLE (Line Drive, 9LM, EV 108.8 MPH)
Batting: RHB Randy Grewe 0-0: Ground out 4-3 (Groundball, 4, EV 86.9 MPH)
Solange Le Coq to third
Batting: SHB David Garnica 0-0: Intentional Walk
Batting: RHB Jose Nunez 0-0: Ball
1-0: Swinging Strike
1-1: Swinging Strike
1-2: Foul Ball, location: 2F
1-2: Foul Ball, location: 2F
1-2: Strikes out swinging
Batting: RHB Mark Williams 0-0: Called Strike
0-1: Fly out, F8 (Line Drive, 89M, EV 97.5 MPH)
Bottom of the 6th over - 0 runs, 1 hit, 0 errors, 2 left on base; Mississippi 0 - Pensacola 0
TOP OF THE 7TH
Mississippi Braves batting - Pitching for Pensacola Blue Wahoos : LHP Suk-jin Sok
Pitching: RHP Vladislav Prochazka
Batting: RHB Paul Landes 0-0: Foul Ball, location: 2F
0-1: Swinging Strike
0-2: Ground out 5-3 (Groundball, 56, EV 110.0 MPH)
Batting: RHB Eddie McCoy 0-0: Swinging Strike
0-1: Ball
1-1: Called Strike
1-2: Ball
2-2: Ball
3-2: Strikes out swinging
Batting: RHB Justin Reich 0-0: Ball
1-0: Ball
2-0: Called Strike
2-1: Foul Ball, location: 2F
2-2: SINGLE (Line Drive, 5D, EV 96.2 MPH)
Batting: RHB Tim Molchan 0-0: Swinging Strike
0-1: Ground out 4-3 (Groundball, 4S, EV 70.0 MPH)
Top of the 7th over - 0 runs, 1 hit, 0 errors, 1 left on base; Mississippi 0 - Pensacola 0
BOTTOM OF THE 7TH
Pensacola Blue Wahoos batting - Pitching for Mississippi Braves : LHP Mark Gehring
Batting: RHB Armando Moz 0-0: Ball
1-0: Ground out 5-3 (Groundball, 56S, EV 68.8 MPH)
Batting: RHB Luis Solorzano 0-0: Ball
1-0: Ground out 4-3 (Groundball, 4, EV 86.2 MPH)
Batting: RHB Ryan Short 0-0: Ball
1-0: Called Strike
1-1: Ground out 6-3 (Groundball, 56, EV 82.5 MPH)
Bottom of the 7th over - 0 runs, 0 hits, 0 errors, 0 left on base; Mississippi 0 - Pensacola 0
TOP OF THE 8TH
Mississippi Braves batting - Pitching for Pensacola Blue Wahoos : RHP Vladislav Prochazka
Pitching: LHP Jerry Nero
Batting: LHB Sal Fernandez 0-0: Called Strike
0-1: Ground out 4-3 (Groundball, 4, EV 88.1 MPH)
Pitching: LHP Dave Schmidt
Batting: SHB Jose Melendez 0-0: Called Strike
0-1: Fly out, F7 (Flyball, 78M, EV 90.6 MPH)
Batting: RHB Luis Restrepo 0-0: Called Strike
0-1: Ball
1-1: Foul Ball, location: 2F
1-2: Ground out 4-3 (Groundball, 4, EV 87.5 MPH)
Top of the 8th over - 0 runs, 0 hits, 0 errors, 0 left on base; Mississippi 0 - Pensacola 0
BOTTOM OF THE 8TH
Pensacola Blue Wahoos batting - Pitching for Mississippi Braves : LHP Mark Gehring
Pitching: RHP Ioakim Mozgo
Batting: SHB Bobby O'Leary 0-0: Ball
1-0: Ball
2-0: Foul Ball, location: 2F
2-1: Called Strike
2-2: Strikes out swinging
Batting: RHB Solange Le Coq 0-0: Called Strike
0-1: Called Strike
0-2: Ground out 6-3 (Groundball, 6, EV 79.4 MPH)
Batting: RHB Randy Grewe 0-0: Ball
1-0: Ball
2-0: Foul Ball, location: 2F
2-1: Ball
3-1: Fly out, F5 (Popup, 5F, EV 72.5 MPH)
Bottom of the 8th over - 0 runs, 0 hits, 0 errors, 0 left on base; Mississippi 0 - Pensacola 0
TOP OF THE 9TH
Mississippi Braves batting - Pitching for Pensacola Blue Wahoos : LHP Dave Schmidt
Pitching: RHP Damian Molina
Pinch Hitting: LHB Art D'Ascenzo 0-0: Called Strike
0-1: Called Strike
0-2: Strikes out swinging, 2-3 out at first.
Batting: LHB Ricardo Sandoval 0-0: Ball
1-0: Ground out U3 (Groundball, 3, EV 102.5 MPH)
Batting: RHB Paul Landes 0-0: Ball
1-0: Ball
2-0: SINGLE (Flyball, 34D, EV 91.9 MPH)
Batting: RHB Eddie McCoy 0-0: Called Strike
0-1: Foul Ball, location: 2F
0-2: Foul Ball, location: 2F
0-2: Ball
1-2: Foul Ball, location: 2F
1-2: Ball
2-2: SINGLE (Line Drive, 8LS, EV 98.8 MPH)
Paul Landes to second
Pinch Hitting: LHB Oke Monti 0-0: Swinging Strike
0-1: Foul Ball, location: 2F
0-2: Ball
1-2: Ball
2-2: Ground out 4-3 (Groundball, 4, EV 92.5 MPH)
Top of the 9th over - 0 runs, 2 hits, 0 errors, 2 left on base; Mississippi 0 - Pensacola 0
BOTTOM OF THE 9TH
Pensacola Blue Wahoos batting - Pitching for Mississippi Braves : RHP Ioakim Mozgo
Pitching: RHP Nate Bixler
Now at 2B: Art D'Ascenzo
Now in LF: Fred Arends
Now in CF: Sal Fernandez
Batting: SHB David Garnica 0-0: Called Strike
0-1: Ball
1-1: Ball
2-1: Foul Ball, location: 2F
2-2: Ball
3-2: Base on Balls
Pinch Hitting: LHB Matthew Berry 0-0: Fly out, F7 (Flyball, 7, EV 90.6 MPH)
Pinch Hitting: LHB Jorge Zarazua 0-0: Foul Ball, location: 2F
0-1: Ball
1-1: Grounds into double play, 5-4-3 (Groundball, 56, EV 89.4 MPH)
Bottom of the 9th over - 0 runs, 0 hits, 0 errors, 0 left on base; Mississippi 0 - Pensacola 0
TOP OF THE 10TH
Mississippi Braves batting - Pitching for Pensacola Blue Wahoos : RHP Damian Molina
Now at 1B: Jorge Zarazua
Now at 2B: Ryan Short
Now at SS: Alex Velasquez
Batting: RHB Tim Molchan 0-0: DOUBLE (Line Drive, 89D, EV 103.8 MPH)
Batting: LHB Sal Fernandez 0-0: Intentional Walk
Batting: SHB Jose Melendez 0-0: Swinging Strike
0-1: TRIPLE (Line Drive, 78XD, EV 103.1 MPH)
Tim Molchan scores
Sal Fernandez scores
Batting: RHB Luis Restrepo 0-0: Called Strike
0-1: Swinging Strike
0-2: Ball
1-2: Ball
2-2: Ground out 4-3 (Groundball, 34, EV 94.4 MPH)
Jose Melendez scores
Batting: LHB Art D'Ascenzo 0-0: Ball
1-0: Called Strike
1-1: Called Strike
1-2: Ball
2-2: Strikes out looking
Batting: LHB Ricardo Sandoval 0-0: Foul Ball, location: 2F
0-1: Ball
1-1: Foul Ball, location: 2F
1-2: Ball
2-2: Ground out 4-3 (Groundball, 4MD, EV 103.8 MPH)
Top of the 10th over - 3 runs, 2 hits, 0 errors, 0 left on base; Mississippi 3 - Pensacola 0
BOTTOM OF THE 10TH
Pensacola Blue Wahoos batting - Pitching for Mississippi Braves : RHP Nate Bixler
Batting: RHB Armando Moz 0-0: SINGLE (Groundball, 4MD, EV 103.8 MPH)
Pinch Hitting: LHB John Wagner 0-0: Called Strike
0-1: Swinging Strike
0-2: Ball
1-2: Fly out, F5 (Line Drive, 5L, EV 62.5 MPH)
Pinch Hitting: LHB Keith Egan 0-0: Swinging Strike
0-1: Ball
1-1: Ball
2-1: Foul Ball, location: 2F
2-2: Strikes out swinging
Batting: SHB Bobby O'Leary 0-0: Called Strike
0-1: Swinging Strike
0-2: Ball
1-2: Strikes out looking
Bottom of the 10th over - 0 runs, 1 hit, 0 errors, 1 left on base; Mississippi 3 - Pensacola 0
Sunday, July 16th , 2023 - OOTP Baseball 24.6 Build 69